 Dungeon Crawl Stone Soup version 0.29.0-13-gc9e81de378 (webtiles) character file.

Game seed: 7578190145989648820

1265 leafyfresh the Thaumaturge (level 8, -1/58 HPs)
             Began as a Gnoll Hedge Wizard on Sept 10, 2022.
             Killed by nerve-wracking pain
             ... invoked by Grinder
              (9 damage)
             ... on level 3 of the Dungeon.
             The game lasted 00:22:12 (7876 turns).

leafyfresh the Thaumaturge (Gnoll Hedge Wizard)     Turns: 7876, Time: 00:22:12

Health: -1/58      AC: 12    Str: 10    XL:     8   Next: 52%
Magic:  19/20      EV: 14    Int: 22    God:
Gold:   198        SH:  5    Dex: 14    Spells: 9/23 levels left

rFire   x . .      SeeInvis .   m - +1 dagger (protect)
rCold   + . .      Faith    .   (no shield)
rNeg    . . .      Spirit   .   b - +0 robe
rPois   .          Reflect  +   c - +0 hat
rElec   .          Harm     .   v - scarf {repulsion}
rCorr   .          Rampage  .   l - +2 pair of gloves {Dex+3}
Will    .....                   (no boots)
Stlth   +++.......              n - amulet of reflection
HPRegen 0.19/turn               y - ring of ice
MPRegen 0.17/turn               t - +6 ring of intelligence

@: under a protective aura, repel missiles
A: fangs 1, strong nose, distributed training
a: no special abilities


You were on level 3 of the Dungeon.
You visited 1 branch of the dungeon, and saw 5 of its levels.

You collected 226 gold pieces.
You spent 28 gold pieces at shops.

Inventory:

Hand Weapons
 a - a +0 dagger
 m - a +1 dagger of protection (weapon)
Missiles
 q - a throwing net
 u - 2 javelins
Armour
 b - a +0 robe (worn)
 c - a +0 hat (worn)
 l - a +2 pair of gloves of dexterity (worn)
 v - a scarf of repulsion (worn)
Magical Staves
 x - a staff of air
Jewellery
 n - an amulet of reflection (around neck)
 o - a ring of flight
 t - a +6 ring of intelligence (right hand)
 y - a ring of ice (left hand)
 B - the amulet of Elemental Vulnerability {rPois rF-- rC-- AC+8}
   (You found it on level 5 of the Dungeon)

   [amulet of nothing]

   AC:        It affects your AC (+8).
   rF:        It makes you very vulnerable to fire.
   rC:        It makes you very vulnerable to cold.
   rPois:     It protects you from poison.
Wands
 s - a wand of iceblast (6)
Scrolls
 e - 2 scrolls of poison
 f - a scroll of magic mapping
 h - 2 scrolls of blinking
 i - a scroll of butterflies {unknown}
 k - a scroll of amnesia {unknown}
 p - 2 scrolls of teleportation {unknown}
 r - a scroll of vulnerability {unknown}
 w - 2 scrolls of identify
 z - a scroll of acquirement {unknown}
Potions
 d - 2 potions of magic
 g - 2 potions of curing
 j - 4 potions of haste {unknown}
 A - a potion of attraction {unknown}


   Skills:
 + Level 3.4 Fighting
 + Level 3.4 Short Blades
 + Level 3.4 Long Blades
 + Level 3.4 Axes
 + Level 3.4 Maces & Flails
 + Level 3.4 Polearms
 + Level 3.4 Staves
 + Level 3.4 Ranged Weapons
 + Level 3.4 Throwing
 + Level 3.4 Armour
 + Level 5.8 Dodging
 + Level 5.5 Stealth
 + Level 3.4 Shields
 + Level 3.4 Unarmed Combat
 + Level 8.0 Spellcasting
 + Level 3.6 Conjurations
 + Level 2.8 Hexes
 + Level 3.6 Summonings
 + Level 2.8 Necromancy
 + Level 3.6 Translocations
 + Level 2.8 Transmutations
 + Level 2.8 Fire Magic
 + Level 2.8 Ice Magic
 + Level 2.8 Air Magic
 + Level 2.8 Earth Magic
 + Level 2.8 Poison Magic
 + Level 3.8 Invocations
 + Level 3.4 Evocations


You had 9 spell levels left.
You knew the following spells:

 Your Spells              Type           Power      Damage    Failure   Level
a - Magic Dart            Conj           96%        1d7       1%          1
b - Blink                 Tloc           48%        N/A       2%          2
c - Call Imp              Summ           24%        N/A       2%          2
d - Mephitic Cloud        Conj/Pois/Air  22%        N/A       6%          3
e - Vampiric Draining     Necr           21%        2d7       7%          3
f - Conjure Flame         Conj/Fire      23%        6-21      6%          3

Your spell library contained the following spells:

 Spells                   Type           Power      Damage    Failure   Level
 Slow                     Hex            84%        N/A       2%          1
 Sublimation of Blood     Necr           21%        N/A       3%          2
 Wereblood                Tmut           21%        N/A       3%          2
 Confusing Touch          Hex            21%        N/A       7%          3
 Summon Hydra             Summ           12%        N/A       100%        7


Dungeon Overview and Level Annotations

Branches:
Dungeon (5/15)
 Temple: D:4-7

Altars:
Fedhas
Gozag
Qazlal
Sif Muna
Zin

Shops:
D:2 [   D:3 =?

Annotations:
D:3 Grinder, Sigmund


Innate Abilities, Weirdness & Mutations

You have very sharp teeth.
Your uncanny sense of smell can sniff out nearby items.
Your experience applies equally to all skills.


Message History

You are too injured to fight recklessly!
You are too injured to fight recklessly!
Unknown command.
You closely miss Grinder.
Grinder is severely wounded.
Grinder closely misses you.
Unknown command.
Casting: Call Imp (safe; 2% risk of failure)
Confirm with . or Enter, or press ? or * to list all spells.
You can't see any susceptible monsters within range! (Use Z to cast anyway.) Unknown command.
You hit Grinder.
Grinder is severely wounded.
Your shadow imp hits Grinder.
Unknown command.
You hit Grinder.
Grinder is almost dead.
Grinder gestures at you. Pain shoots through your body!
* * * LOW HITPOINT WARNING * * *
Your shadow imp closely misses Grinder.
Unknown command.
You hit Grinder but do no damage.
Grinder is almost dead.
You block Grinder's attack.
Your shadow imp closely misses Grinder.
Unknown command.
You hit Grinder but do no damage.
Grinder is almost dead.
Grinder misses you.
Your shadow imp hits Grinder.
Unknown command.
You hit Grinder but do no damage.
Grinder is almost dead.
Your shadow imp disappears in a puff of smoke!
You block Grinder's attack.
Unknown command.
You completely miss Grinder.
Grinder is almost dead.
Grinder gestures at you. Pain shoots through your body!
You die...

##
+......####...#####
#.##......# #...#
#........### ##..#
#.......).. ...#
#.........# ##.#
#.........# #.#
#.........## #.#
#....5ยง....# #.#
#.....@....#####.#
#.............##.#
##........###.##.#
#.#....### #....# #
####.# ###.># #.#
#### #.# #.# #.


You could see Grinder.

Vanquished Creatures
  Menkaure (D:4)
  A water moccasin (D:5)
  A phantom (D:5)
  3 ogres (D:5)
  A kobold brigand (D:4)
  A necrophage (D:5)
  2 scorpions
  2 jellies
  A hound (D:3)
  2 orc priests
  5 iguanas
  2 orc wizards
  6 adders
  A worm (D:3)
  4 dart slugs
  12 orcs
  3 bats
  4 endoplasms
  9 goblins
  5 hobgoblins
  2 jackals (D:2)
  10 kobolds
  5 quokkas
  4 ball pythons
  3 frilled lizards (D:2)
  5 rats
95 creatures vanquished.

Notes
Turn   | Place    | Note
-------+----------+-------------------------------------------
     0 | D:1      | leafyfresh the Gnoll Hedge Wizard began the quest for the
                  | Orb.
     0 | D:1      | Reached XP level 1. HP: 13/13 MP: 8/8
    85 | D:1      | Found a faded altar of an unknown god.
   753 | D:1      | Reached XP level 2. HP: 11/19 MP: 2/10
  1780 | D:2      | Found an opulent altar of Gozag.
  1861 | D:2      | Found Judoir's Armour Boutique.
  1993 | D:2      | Learned a level 2 spell: Blink
  1996 | D:2      | Learned a level 2 spell: Call Imp
  2010 | D:2      | Reached XP level 3. HP: 25/25 MP: 6/11
  2079 | D:2      | Reached skill level 1 in Invocations
  2313 | D:2      | Reached skill level 1 in Fighting
  2313 | D:2      | Reached skill level 1 in Short Blades
  2313 | D:2      | Reached skill level 1 in Long Blades
  2313 | D:2      | Reached skill level 1 in Axes
  2313 | D:2      | Reached skill level 1 in Maces & Flails
  2313 | D:2      | Reached skill level 1 in Polearms
  2313 | D:2      | Reached skill level 1 in Staves
  2313 | D:2      | Reached skill level 1 in Ranged Weapons
  2313 | D:2      | Reached skill level 1 in Throwing
  2313 | D:2      | Reached skill level 1 in Armour
  2313 | D:2      | Reached skill level 1 in Shields
  2313 | D:2      | Reached skill level 1 in Unarmed Combat
  2313 | D:2      | Reached skill level 1 in Evocations
  2546 | D:2      | Found a glowing silver altar of Zin.
  2756 | D:2      | Learned a level 3 spell: Mephitic Cloud
  2760 | D:2      | Learned a level 3 spell: Vampiric Draining
  2859 | D:2      | Reached XP level 4. HP: 32/32 MP: 9/13
  3214 | D:3      | Found Roinao's Jewellery Shop.
  3420 | D:3      | Found Nuggam's Magic Scroll Boutique.
  3428 | D:3      | Bought a scroll of identify for 28 gold pieces
  3683 | D:3      | Noticed Sigmund
  3772 | D:3      | Noticed Grinder
  3776 | D:3      | Reached skill level 1 in Hexes
  3776 | D:3      | Reached skill level 1 in Necromancy
  3776 | D:3      | Reached skill level 1 in Transmutations
  3776 | D:3      | Reached skill level 1 in Fire Magic
  3776 | D:3      | Reached skill level 1 in Ice Magic
  3776 | D:3      | Reached skill level 1 in Air Magic
  3776 | D:3      | Reached skill level 1 in Earth Magic
  3776 | D:3      | Reached skill level 1 in Poison Magic
  4091 | D:3      | Reached XP level 5. HP: 37/37 MP: 4/14
  5287 | D:4      | Reached skill level 5 in Dodging
  5287 | D:4      | Reached XP level 6. HP: 38/44 MP: 4/16
  5627 | D:4      | Noticed Menkaure
  5728 | D:4      | Learned a level 3 spell: Conjure Flame
  6105 | D:4      | Reached XP level 7. HP: 50/50 MP: 18/18
  6229 | D:5      | Entered Level 5 of the Dungeon
  6348 | D:5      | Found a stormy altar of Qazlal.
  6367 | D:5      | Reached skill level 5 in Stealth
  6430 | D:5      | Noticed a fire elemental
  6430 | D:5      | Noticed an air elemental
  6430 | D:5      | Noticed a water elemental
  6865 | D:5      | Found a blossoming altar of Fedhas.
  6889 | D:5      | Reached XP level 8. HP: 49/58 MP: 2/19
  7394 | D:5      | Found the amulet of Elemental Vulnerability {rPois rF--
                  | rC-- AC+8}
  7685 | D:5      | Found a shimmering blue altar of Sif Muna.
  7727 | D:5      | Reached skill level 8 in Spellcasting
  7832 | D:4      | Killed Menkaure
  7876 | D:3      | Killed from afar by Grinder

Illustrated notes

Levels and vault maps discovered:
D:1:      dpeg_arrival_arbitrary_b, layout_basic,
          shapermc_ecumenical_altar_petra
D:2:      layout_rooms, basic_altar, serial_shops, shop_fountains,
          minmay_hexomino_r4
D:3:      layout_basic, serial_shops, nicolae_shop_crystal, nicolae_shop_trees,
          uniq_sigmund, uniq_grinder
D:4:      layout_basic, grunt_ministairs_11, chequers_jeans, uniq_menkaure
D:5:      wad_crossroads, layout_basic, overflow_temple_1_default,
          nicolae_qazlal_style_of_elements, nicolae_sif_muna_little_library,
          kennysheep_generic_room_15

Skill      XL: |  1  2  3  4  5  6  7  8 |
---------------+-------------------------+-----
Conjurations   | 2 3 |  3.6
Summonings     | 2 3 |  3.6
Translocations | 2 3 |  3.6
Invocations    | 1 2 3 |  3.8
Fighting       | 1 2 3 |  3.4
Short Blades   | 1 2 3 |  3.4
Long Blades    | 1 2 3 |  3.4
Axes           | 1 2 3 |  3.4
Maces & Flails | 1 2 3 |  3.4
Polearms       | 1 2 3 |  3.4
Staves         | 1 2 3 |  3.4
Ranged Weapons | 1 2 3 |  3.4
Throwing       | 1 2 3 |  3.4
Armour         | 1 2 3 |  3.4
Shields        | 1 2 3 |  3.4
Unarmed Combat | 1 2 3 |  3.4
Evocations     | 1 2 3 |  3.4
Hexes          | 1 2 |  2.8
Necromancy     | 1 2 |  2.8
Transmutations | 1 2 |  2.8
Fire Magic     | 1 2 |  2.8
Ice Magic      | 1 2 |  2.8
Air Magic      | 1 2 |  2.8
Earth Magic    | 1 2 |  2.8
Poison Magic   | 1 2 |  2.8
Dodging        | 5 |  5.8
Stealth        | 5 |  5.5
Spellcasting   | 8 |  8.0

Action                   |  1- 3 |  4- 6 |  7- 9 || total
-------------------------+-------+-------+-------++-------
Melee: Dagger            |    35 |    81 |   100 ||   216
       Bite              |     1 |    16 |     8 ||    25
       Punch             |       |     3 |     4 ||     7
 Cast: Magic Dart        |    76 |    83 |    18 ||   177
       Vampiric Draining |     1 |    13 |     5 ||    19
       Mephitic Cloud    |       |     6 |     3 ||     9
       Blink             |       |     1 |       ||     1
       Call Imp          |       |       |     1 ||     1
Evoke: Wand              |       |     2 |       ||     2
  Use: Scroll            |       |     8 |       ||     8
       Potion            |       |     1 |       ||     1
 Stab: Sleeping          |     3 |     3 |     7 ||    13
       Confused          |       |     2 |     2 ||     4
Armor: Robe              |    18 |    22 |    24 ||    64
Dodge: Dodged            |    34 |    70 |    28 ||   132
Block: Other             |       |    24 |    15 ||    39
       Reflection        |       |     1 |       ||     1
